 Dungeon Crawl Stone Soup version 0.23.0 (webtiles) character file.

Game seed: 10878368852467139820

64715 Infinimo the Fencer (level 14, -9/141 HPs)
             Began as a Demonspawn Berserker on Feb 9, 2019.
             Was the Champion of Trog.
             Mangled by a white very ugly thing (16 damage)
             ... on level 2 of the Abyss.
             The game lasted 00:27:52 (21354 turns).

Infinimo the Fencer (Demonspawn Berserker)         Turns: 21354, Time: 00:27:53

Health: -9/141     AC: 25    Str: 22      XL:     14   Next: 72%
Magic:  0/3        EV:  7    Int: 15      God:    Trog [******]
Gold:   1343       SH:  8    Dex:  7 (8)  Spells: 13/13 levels left

rFire    + . .     SeeInvis +   y - +5 triple sword (antimagic)
rCold    + . .     Gourm    .   (shield currently unavailable)
rNeg     . . .     Faith    .   l - +1 plate armour
rPois    +         Spirit   +   p - +1 hat
rElec    .         Reflect  .   f - +1 cloak
rCorr    .         Harm     +   u - +2 pair of gloves
MR       +....                  H - +5 pair of boots "Jet Wirewki" {+Inv rF+ Int+5 Dex-5}
Stlth    ..........             E - amulet of Gozag's Delight {Harm *Drain +Inv SInv}
HPRegen  0.33/turn              a - ring of poison resistance
MPRegen  0.16/turn              g - ring of protection from cold

@: berserking (expiring), very quick
A: horns 2, large bone plates 3, [deformed body], [deterioration 2], [frail 2],
[low mp 2], spiny 2, [weak 2], magic shield, magic regeneration
a: Berserk, Trog's Hand, Brothers in Arms, Renounce Religion, Evoke Invisibility


You were on level 2 of the Abyss.
You worshipped Trog.
Trog was exalted by your worship.
You were not hungry.

You visited 2 branches of the dungeon, and saw 18 of its levels.
You visited the Abyss 1 time.

You collected 1343 gold pieces.

Inventory:

Hand Weapons
 y - a +5 antimagic triple sword (weapon)
 C - a +0 scimitar of flaming
Armour
 f - a +1 cloak (worn)
 l - a +1 plate armour (worn)
 p - a +1 hat (worn)
 u - a +2 pair of gloves (worn)
 H - the +5 pair of boots "Jet Wirewki" (worn) {+Inv rF+ Int+5 Dex-5}
   (You found it on level 1 of the Lair of Beasts)

   It affects your intelligence (+5).
   It affects your dexterity (-5).
   It protects you from fire.
   It lets you turn invisible.
Jewellery
 a - a ring of poison resistance (left hand)
 g - a ring of protection from cold (right hand)
 k - an uncursed ring of positive energy
 E - the amulet of Gozag's Delight (around neck) {Harm *Drain +Inv SInv}
   (You found it on level 4 of the Lair of Beasts)

   [amulet of harm]

   It increases damage dealt and taken.
   It lets you see invisible.
   It lets you turn invisible.
   It causes draining when unequipped.
 F - an uncursed amulet of the acrobat
 L - an uncursed ring of protection from fire {unknown}
 O - an uncursed ring of stealth
 P - the amulet "Utiot" {Harm *Drain rElec rC+ Int+4}
   (You took it off an orc on level 12 of the Dungeon)

   [amulet of harm]

   It increases damage dealt and taken.
   It affects your intelligence (+4).
   It protects you from cold.
   It insulates you from electricity.
   It causes draining when unequipped.
Wands
 A - a wand of disintegration (8)
 N - a wand of iceblast (10)
Scrolls
 e - 4 scrolls of magic mapping
 h - 16 scrolls of remove curse
 i - 2 scrolls of teleportation
 q - 8 scrolls of identify
 v - 3 scrolls of fog
 B - a scroll of enchant armour
 G - 4 scrolls of enchant weapon
 J - a scroll of blinking
 K - a scroll of immolation
 Q - a scroll of acquirement
Potions
 b - a potion of berserk rage
 d - 2 potions of cancellation
 j - 4 potions of curing
 m - 4 potions of might
 n - 5 potions of flight
 o - 2 potions of invisibility
 r - 2 potions of lignification
 s - a potion of magic
 t - 3 potions of ambrosia
 w - a potion of heal wounds
 x - a potion of degeneration
 z - 5 potions of mutation
 I - 2 potions of haste
 M - 3 potions of brilliance
Comestibles
 c - 31 rations


   Skills:
 + Level 13.3 Fighting
 * Level 16.5 Long Blades
 + Level 12.2 Armour
 - Level 1.7 Dodging


You had 13 spell levels left.
You didn't know any spells.
Your spell library was empty.

Dungeon Overview and Level Annotations

Branches:
Dungeon (12/15)            Temple (0/1) D:6            Lair (6/6) D:9
 Shoals (0/4) Lair:2       Spider (0/4) Lair:4        Slime (0/5) Lair:6
    Orc (0/2) D:12

Altars:
Cheibriados
Dithmenos
Elyvilon
Fedhas
Kikubaaqudgha
Makhleb
Nemelex Xobeh
Okawaru
Sif Muna
Trog
Vehumet
Yredelemnul
Zin
The Shining One

Annotations:
D:12 1 transporter, LostNumber's ghost, journeyman TrMo
Lair:6 2 runed translucent doors, exclusion: 3 oklob plants


Innate Abilities, Weirdness & Mutations

You have a pair of horns on your head.
You are completely covered in large bone plates. (SH +8)
You are mostly covered in sharp spines.
When hurt, damage is shared between your health and your magic reserves.
You regenerate magic rapidly.
[Armour fits poorly on your strangely shaped body.]
[Your body often deteriorates upon taking damage.]
[You are very frail. (-20% HP)]
[Your magical capacity is very low. (-20% MP)]
[You are very weak. (Str -4)]


Message History

The wretched star pulses with an eldritch light!
Your body twists and deforms.
You feel frail. x2
Unknown command.
The wretched star's magic leaks into the air.
The wretched star falters for a moment.
You block the white very ugly thing's attack.
The wretched star pulses with an eldritch light!
You feel weaker. x2
The white very ugly thing pecks you!
* * * LOW HITPOINT WARNING * * *
Your body deteriorates!
You feel clumsy. The white very ugly thing freezes you! You resist.
* * * LOW HITPOINT WARNING * * *
Unknown command.
The wretched star's magic leaks into the air.
The wretched star is almost destroyed.
The white very ugly thing pecks you.
* * * LOW HITPOINT WARNING * * *
The white very ugly thing freezes you! You resist.
You die...

#u ############ .u.
x # ......## . ..
'...... .# #.... ..
#
#############*###..
.........@u..# .
......._...# .'. .
...........# .# #.
...........#
#...............#
#. . ...._......# #
######'##.....#
#...#.....# #. # #


You could see a white very ugly thing and a wretched star.

Vanquished Creatures
  2 tentacled starspawn (Abyss:2)
  3 very ugly things (Abyss:2)
  The ghost of HunfridMar the Eclecticist, a journeyman DECj of Vehumet (Lair:4)
  Erolcha (D:9)
  Fannar (D:10)
  Erica (D:8)
  A catoblepas (Lair:5)
  2 two-headed ogres (D:12)
  8 hydras
  The ghost of Infinimo the Carver, a novice MiBe of Trog (D:7)
  3 death yaks (Lair:5)
  A queen ant (Lair:2)
  Sonja (Lair:5)
  2 spectral hydras (Lair:4)
  A lindwurm (Lair:6)
  A mana viper (Abyss:2)
  4 ugly things
  6 black mambas
  Joseph (Lair:1)
  A worldbinder (Abyss:2)
  A centaur zombie (D:11)
  A merfolk siren (Lair:2)
  5 elephants (Lair:4)
  Psyche (D:10)
  3 molten gargoyles (Lair:6)
  A gargoyle (D:10)
  5 spiny frogs
  The ghost of PeterQ the Cutter, a novice DsGl (D:5)
  14 komodo dragons
  2 rime drakes
  5 trolls
  A queen bee (D:7)
  4 slime creatures (D:12)
  6 hippogriffs
  6 wyverns
  A shadow (D:12)
  A spectral komodo dragon (Lair:4)
  49 yaks
  4 basilisks
  A steam dragon (Lair:6)
  A hungry ghost (D:12)
  A death yak simulacrum (Lair:4)
  An acid dragon (D:9)
  14 water moccasins
  20 soldier ants
  6 hell hounds (Lair:6)
  A porcupine (Lair:4)
  2 black bears (D:12)
  4 orc warriors
  2 phantoms
  3 ice beasts
  2 sky beasts (D:5)
  6 necrophages (Lair:3)
  A black mamba simulacrum (Lair:4)
  5 centaurs
  3 ogres
  15 wolves
  15 crocodiles
  A small abomination (Abyss:2)
  2 big kobolds
  18 bullfrogs
  A gnoll sergeant (D:4)
  3 scorpions
  32 killer bees
  A dream sheep simulacrum (Lair:4)
  5 wights (D:11)
  5 howler monkeys
  An electric eel (Lair:3)
  A vampire bat (Lair:1)
  2 bullfrog zombies
  8 crimson imps
  4 lava snakes (Lair:6)
  A quasit (D:9)
  4 hounds
  2 jellies
  2 orc priests
  4 centaur skeletons
  6 gnoll shamans
  11 orc wizards
  An iguana (D:11)
  25 worker ants
  7 hell rats (Lair:6)
  A statue (D:9)
  2 worker ant zombies (D:5)
  Robin (D:2)
  A howler monkey zombie (D:3)
  42 gnolls
  12 adders
  A river rat (D:4)
  5 shadow imps
  A worker ant simulacrum (D:7)
  2 oozes
  A spectral adder (D:7)
  2 adder zombies
  An adder skeleton (D:10)
  2 worms
  2 dart slugs (D:1)
  5 leopard geckos
  52 orcs
  3 ball pythons
  12 bats
  3 giant cockroaches
  18 goblins
  8 hobgoblins
  35 jackals
  16 kobolds
  6 quokkas
  6 frilled lizards
  A jackal zombie (D:7)
  A leopard gecko skeleton (D:4)
  3 quokka skeletons
  A quokka zombie (D:8)
  5 rats
654 creatures vanquished.

Vanquished Creatures (others)
  A bush (Lair:6)
  4 fungi
  10 plants
  4 starspawn tentacles (Abyss:2)
19 creatures vanquished.

Grand Total: 673 creatures vanquished

Notes
Turn   | Place    | Note
-------+----------+-------------------------------------------
     0 | D:1      | Infinimo the Demonspawn Berserker began the quest for the
                  | Orb.
     0 | D:1      | Reached XP level 1. HP: 18/18 MP: 1/1
   406 | D:1      | Reached skill level 3 in Long Blades
   406 | D:1      | Gained mutation: When hurt, damage is shared between your
                  | health and your magic reserves. [demonic ancestry]
   406 | D:1      | Reached XP level 2. HP: 23/24 MP: 2/2
  1036 | D:2      | Reached XP level 3. HP: 26/29 MP: 3/3
  1462 | D:2      | Reached ** piety under Trog
  1835 | D:2      | Noticed Robin
  1843 | D:2      | Killed Robin
  1843 | D:2      | Gained mutation: You are partially covered in large bone
                  | plates. (SH +4) [demonic ancestry]
  1843 | D:2      | Reached XP level 4. HP: 28/35 MP: 2/4
  2167 | D:2      | Found a glowing golden altar of the Shining One.
  2313 | D:3      | Reached skill level 4 in Long Blades
  2399 | D:3      | Reached XP level 5. HP: 39/42 MP: 5/5
  2488 | D:3      | Reached *** piety under Trog
  2549 | D:3      | Found a basalt altar of Yredelemnul.
  2858 | D:3      | Found a white marble altar of Elyvilon.
  2948 | D:3      | Found a blossoming altar of Fedhas.
  3426 | D:4      | Gained mutation: You are partially covered in sharp spines.
                  | [demonic ancestry]
  3426 | D:4      | Reached XP level 6. HP: 28/48 MP: 6/6
  3692 | D:4      | Reached skill level 5 in Long Blades
  3958 | D:4      | Gained mutation: You are mostly covered in large bone
                  | plates. (SH +6) [demonic ancestry]
  3958 | D:4      | Reached XP level 7. HP: 52/55 MP: 7/7
  4073 | D:4      | Reached **** piety under Trog
  4135 | D:4      | Reached skill level 5 in Fighting
  4138 | D:4      | Reached skill level 6 in Long Blades
  4666 | D:4      | Found a glowing silver altar of Zin.
  4895 | D:5      | Entered Level 5 of the Dungeon
  4898 | D:5      | Reached XP level 8. HP: 63/63 MP: 8/8
  4990 | D:5      | Found a shadowy altar of Dithmenos.
  5083 | D:5      | Reached skill level 7 in Long Blades
  5145 | D:5      | Reached skill level 5 in Armour
  5340 | D:5      | Found an ancient bone altar of Kikubaaqudgha.
  5340 | D:5      | Found an iron altar of Okawaru.
  5367 | D:5      | Noticed PeterQ's ghost (novice DsGl)
  5390 | D:5      | Found a transporter.
  5394 | D:5      | Found a transporter.
  5562 | D:5      | Reached ***** piety under Trog
  5578 | D:5      | Killed PeterQ's ghost
  5578 | D:5      | Reached skill level 8 in Long Blades
  5727 | D:6      | Gained mutation: You are mostly covered in sharp spines.
                  | [demonic ancestry]
  5727 | D:6      | Reached XP level 9. HP: 71/71 MP: 9/9
  5762 | D:6      | Found a staircase to the Ecumenical Temple.
  6116 | D:6      | Noticed a troll
  6126 | D:6      | Killed a troll
  6163 | D:6      | Found a deep blue altar of Sif Muna.
  6394 | D:7      | Reached skill level 9 in Long Blades
  6499 | D:7      | Found a snail-covered altar of Cheibriados.
  6540 | D:7      | Found a runed translucent gate.
  6540 | D:7      | Found a runed translucent gate.
  6540 | D:7      | Found a runed translucent gate.
  6540 | D:7      | Noticed Infinimo's ghost (novice MiBe)
  6682 | D:7      | Killed Infinimo's ghost
  6736 | D:8      | Noticed a queen bee
  6748 | D:8      | Received a gift from Trog
  6811 | D:8      | Gained mutation: You are completely covered in large bone
                  | plates. (SH +8) [demonic ancestry]
  6811 | D:8      | Reached XP level 10. HP: 67/80 MP: 8/10
  7046 | D:8      | Reached skill level 10 in Long Blades
  7270 | D:8      | Noticed Erica
  7294 | D:8      | Killed Erica
  7749 | D:8      | Reached skill level 11 in Long Blades
  8166 | D:9      | Found a radiant altar of Vehumet.
  8284 | D:9      | Noticed Erolcha
  8291 | D:9      | Killed Erolcha
  8291 | D:9      | Gained mutation: You regenerate magic rapidly. [demonic
                  | ancestry]
  8291 | D:9      | Reached XP level 11. HP: 89/89 MP: 11/11
  8457 | D:9      | Found a sparkling altar of Nemelex Xobeh.
  8762 | D:9      | Received a gift from Trog
  9140 | D:9      | Found a burning altar of Makhleb.
  9254 | D:9      | Found a staircase to the Lair.
  9386 | D:10     | Entered Level 10 of the Dungeon
  9661 | D:10     | Noticed Fannar
  9681 | D:10     | Killed Fannar
  9681 | D:10     | Reached skill level 12 in Long Blades
  9755 | D:10     | Noticed Psyche
  9764 | D:10     | Killed Psyche
 10593 | D:11     | Reached skill level 10 in Fighting
 10793 | D:11     | Noticed a six-headed hydra
 10800 | D:11     | Killed a three-headed hydra
 10839 | D:11     | Noticed a red ugly thing
 11223 | Lair:1   | Entered Level 1 of the Lair of Beasts
 11344 | Lair:1   | Noticed a five-headed hydra
 11353 | Lair:1   | Killed a one-headed hydra
 11353 | Lair:1   | Gained mutation: You have a pair of small horns on your
                  | head. [demonic ancestry]
 11353 | Lair:1   | Reached XP level 12. HP: 98/98 MP: 3/12
 11397 | Lair:1   | Noticed Joseph
 11413 | Lair:1   | Killed Joseph
 11529 | Lair:1   | Got a pair of pitted boots
 11535 | Lair:1   | Identified the +5 pair of boots "Jet Wirewki" {+Inv rF+
                  | Int+5 Dex-5} (You found it on level 1 of the Lair of
                  | Beasts)
 11582 | Lair:1   | Reached skill level 13 in Long Blades
 11680 | Lair:1   | You fall through a shaft!
 11705 | Lair:2   | Noticed a queen ant
 11721 | Lair:2   | Killed a queen ant
 12330 | Lair:2   | Noticed a five-headed hydra
 12336 | Lair:2   | Killed a three-headed hydra
 12336 | Lair:2   | Reached skill level 10 in Armour
 12341 | Lair:2   | Found a staircase to the Shoals.
 13024 | Lair:3   | You fall through a shaft for 2 floors!
 13048 | Lair:4   | Received a gift from Trog
 13048 | Lair:4   | Reached skill level 14 in Long Blades
 13288 | Lair:4   | Found a runed translucent gate.
 13288 | Lair:4   | Found a runed translucent gate.
 13288 | Lair:4   | Found a runed translucent gate.
 13290 | Lair:4   | Noticed HunfridMar's ghost (journeyman DECj)
 13301 | Lair:4   | Gained mutation: You have a pair of horns on your head.
                  | [demonic ancestry]
 13301 | Lair:4   | Reached XP level 13. HP: 106/106 MP: 4/13
 13314 | Lair:4   | Killed HunfridMar's ghost
 13756 | Lair:4   | Got a crude ruby amulet
 13910 | Lair:4   | Found a hole to the Spider Nest.
 14609 | Lair:5   | Noticed Sonja
 14639 | Lair:5   | Killed Sonja
 14744 | Lair:5   | Received a gift from Trog
 14784 | Lair:5   | Found the +0 Maxwell's etheric cage {RegenMP+ *Contam rElec
                  | MP+4}
 15011 | Lair:5   | HP: 4/108 [catoblepas (11)]
 15602 | Lair:6   | Entered Level 6 of the Lair of Beasts
 15645 | Lair:6   | Reached skill level 15 in Long Blades
 15779 | Lair:6   | Reached ****** piety under Trog
 17086 | Lair:6   | Reached XP level 14. HP: 99/116 MP: 3/14
 17506 | Lair:6   | Found a large runed translucent door.
 17506 | Lair:6   | Found a large runed translucent door.
 17510 | Lair:6   | Received a gift from Trog
 19541 | D:11     | Received a gift from Trog
 19633 | D:11     | Identified 3 scrolls of acquirement
 19644 | D:11     | Identified the amulet of Gozag's Delight {Harm *Drain +Inv
                  | SInv} (You found it on level 4 of the Lair of Beasts)
 19646 | D:11     | Found the +2 cloak of the Thief {+Fog Slay-2 SInv Stlth+}
 20192 | D:12     | Found a staircase to the Orcish Mines.
 20299 | D:12     | Found a transporter.
 20301 | D:12     | Found a transporter.
 20304 | D:12     | Found a bloodstained altar of Trog.
 20304 | D:12     | Noticed LostNumber's ghost (journeyman TrMo)
 20305 | D:12     | Identified the +11 long sword "Viorre" {slice, Dex+2}
 20305 | D:12     | Identified the +0 glaive of the Badger {distort, rElec MP+9
                  | Str-2 Int+5}
 20322 | D:12     | Identified the amulet "Utiot" {Harm *Drain rElec rC+ Int+4}
 20423 | D:12     | Reached skill level 16 in Long Blades
 20782 | D:12     | Cast into level 2 of the Abyss (orc knight)
 20934 | Abyss:2  | Noticed a starcursed mass
 20945 | Abyss:2  | Paralysed by accursed screaming for 1 turns
 20948 | Abyss:2  | Paralysed by accursed screaming for 1 turns
 20956 | Abyss:2  | Found a corrupted altar of Lugonu.
 20956 | Abyss:2  | Found a corrupted altar of Lugonu.
 21010 | Abyss:2  | Noticed a tentacled starspawn
 21018 | Abyss:2  | Killed a tentacled starspawn
 21302 | Abyss:2  | Found a corrupted altar of Lugonu.
 21304 | Abyss:2  | Found a corrupted altar of Lugonu.
 21318 | Abyss:2  | Noticed a white very ugly thing
 21318 | Abyss:2  | Noticed a white very ugly thing
 21318 | Abyss:2  | Noticed a white very ugly thing
 21329 | Abyss:2  | Noticed a tentacled starspawn
 21332 | Abyss:2  | Noticed a white very ugly thing
 21334 | Abyss:2  | Killed a white very ugly thing
 21338 | Abyss:2  | Killed a tentacled starspawn
 21342 | Abyss:2  | Killed a cyan very ugly thing
 21345 | Abyss:2  | Killed a purple very ugly thing
 21354 | Abyss:2  | HP: 7/141 [white very ugly thing (1)]
 21354 | Abyss:2  | Mangled by a white very ugly thing

Skill      XL: |  1  2  3  4  5  6  7  8  9 10 11 12 13 14 |
---------------+-------------------------------------------+-----
Long Blades    | 3 4 5 6 8 9 11 12 14 15 16 | 16.5
Armour         | 2 3 4 5 6 8 9 10 11 12 | 12.2
Fighting       | 4 5 6 7 9 10 11 12 13 | 13.3
Dodging        | |  1.7

Action                   |  1- 3 |  4- 6 |  7- 9 | 10-12 | 13-15 || total
-------------------------+-------+-------+-------+-------+-------++-------
Melee: Falchion          |   166 |   249 |   246 |       |       ||   661
       Scimitar          |       |       |   125 |   227 |    26 ||   378
       Triple sword      |       |       |       |   329 |   475 ||   804
       Headbutt          |       |       |       |    44 |    97 ||   141
Invok: Berserk           |     1 |     4 |     7 |    18 |    13 ||    43
       Brothers in Arms  |       |       |       |     1 |       ||     1
Evoke: Wand              |       |       |       |       |     1 ||     1
  Use: Scroll            |     3 |     3 |     7 |    12 |    13 ||    38
       Potion            |       |       |       |     2 |     2 ||     4
  Eat: Chunk             |     4 |    10 |    13 |    32 |    20 ||    79
       Ration            |       |       |     1 |     2 |     6 ||     9
Armor: Animal skin       |    20 |       |       |       |       ||    20
       Plate armour      |    46 |   145 |   253 |   346 |   383 ||  1173
Dodge: Dodged            |    88 |    83 |   115 |   152 |   162 ||   600
Block: Other             |       |    58 |   126 |   227 |   232 ||   643
       Rpst.: Falchion   |    29 |    20 |    22 |       |       ||    71
       Scimitar          |       |       |    15 |    11 |     2 ||    28
       Triple sword      |       |       |       |    43 |    31 ||    74
